 Dungeon Crawl Stone Soup version 0.30-a0-719-gcc4359ea44 (webtiles) character file.

Game seed: 8746424718164591265

51 M4edhros the Poker (level 3, 0/26 HPs)
             Began as an Octopode Chaos Knight on Jan 26, 2023.
             Was a Plaything of Xom.
             Succumbed to an adder's poison
             ... on level 2 of the Dungeon.
             The game lasted 00:00:44 (924 turns).

M4edhros the Poker (Octopode Chaos Knight)           Turns: 924, Time: 00:00:45

Health: 0/26       AC:  1    Str: 11    XL:     3   Next: 81%
Magic:  12/12      EV: 13    Int: 14    God:    Xom [..*...]
Gold:   28         SH:  0    Dex: 13    Spells: 2/2 levels left

rFire   . . .      SeeInvis .    a - +0 spear (chaos)
rCold   . . .      Faith    .    (no shield)
rNeg    . . .      Spirit   .    (helmet restricted)
rPois   .          Reflect  .    (no amulet)
rElec   .          Harm     .    h - ring of magical power
rCorr   .          Rampage  .    (no ring)
Will    .....                    (no ring)
Stlth   ++                       (no ring)
HPRegen 0.24/turn                (no ring)
MPRegen 0.13/turn                (no ring)
                                 (no ring)
                                 (no ring)

@: brilliant, lethally poisoned (0 -> -7)
A: almost no armour, amphibious, 8 rings, camouflage 1, gelatinous body 1,
(nimble swimmer 1), tentacles
a: Renounce Religion


You were on level 2 of the Dungeon.
You worshipped Xom.
You were a toy of Xom.
You visited 1 branch of the dungeon, and saw 2 of its levels.

You collected 28 gold pieces.

Inventory:

Hand Weapons
 a - a +0 spear of chaos (weapon)
Jewellery
 h - a ring of magical power (left tentacle)
 i - an amulet of the acrobat
Scrolls
 e - a scroll of vulnerability {unknown}
 g - a scroll of identify {unknown}
Potions
 c - a potion of mutation {unknown}
 f - a potion of flight {unknown}
 j - a potion of haste {unknown}
Miscellaneous
 b - a piece from Xom's chessboard (15/15) (quivered)


   Skills:
 - Level 3.0 Fighting
 + Level 4.6 Polearms
 - Level 2.3 Dodging


You had 2 spell levels left.
You didn't know any spells.
Your spell library was empty.

Dungeon Overview and Level Annotations

Branches:
Dungeon (2/15)

Altars:


Innate Abilities, Weirdness & Mutations

You cannot wear most types of armour.
You are amphibious.
You can wear up to eight rings at the same time.
Your skin changes colour to match your surroundings (Stealth+).
Your rubbery body absorbs attacks. (AC +1, EV +1)
((You are camouflaged when in or above water. (Stealth+)))
You have tentacles for arms and can constrict up to eight enemies at once.


Message History

No target in view!
HP restored.
The adder hisses angrily.
An adder is nearby!
You see here a scroll labelled QYPEIV VYMMIACH.
An adder is nearby!
There are monsters nearby!
There are monsters nearby!
You hit the adder but do no damage. You grab the adder.
You constrict the adder. The adder bites you.
You are poisoned.
The adder poisons you!
There are monsters nearby!
You hit the adder.
The adder is moderately wounded.
You constrict the adder.
You feel sick. The adder closely misses you. The adder bites you.
You are more poisoned.
The adder poisons you!
You barely miss the adder. You squeeze the adder.
The adder is severely wounded.
You constrict the adder.
You feel sick. The quokka misses you. The adder bites you.
You are more poisoned.
The adder poisons you!
You hit the adder. You burn the adder.
You kill the adder!
You feel very sick. The quokka barely misses you.
You feel very sick. The quokka bites you.
* * * LOW HITPOINT WARNING * * *
You are too injured to fight recklessly!
* * * LOW HITPOINT WARNING * * *
You feel sick. The quokka barely misses you. The quokka bites you.
* * * LOW HITPOINT WARNING * * *
It was a potion of brilliance.
You feel clever all of a sudden.
You die...
Xom chortles!

...# ...# ...# ...
...# .#.#
#########.#.##
#...#...@....#
#.#.#....r...# ?..
#.#.#........# ....
#.#.#...?....##....
#.#.#..............
#.#<#..............
#.###†.............
#...#.####.........
###.#.# ##.######


You could see a quokka.

Vanquished Creatures
  2 adders (D:2)
  A worm (D:2)
  A dart slug (D:1)
  2 ball pythons (D:1)
  2 endoplasms (D:1)
  2 giant cockroaches (D:1)
  2 goblins (D:1)
  3 hobgoblins (D:1)
  2 jackals (D:1)
  A quokka (D:1)
  3 bats (D:1)
  2 kobolds (D:1)
  3 rats (D:1)
26 creatures vanquished.

Notes
Turn   | Place    | Note
-------+----------+-------------------------------------------
     0 | D:1      | M4edhros the Octopode Chaos Knight began the quest for the
                  | Orb.
     0 | D:1      | Reached XP level 1. HP: 16/16 MP: 1/1
    20 | D:1      | Reached XP level 2. HP: 12/21 MP: 2/2
   113 | D:1      | XOM: noise
   318 | D:1      | Reached skill level 4 in Polearms
   378 | D:1      | Reached XP level 3. HP: 26/26 MP: 3/3
   387 | D:1      | Found a faded altar of an unknown god.
   923 | D:2      | HP: 1/26 [quokka (4)]
   924 | D:2      | Succumbed to an adder's poison

Illustrated notes

Levels and vault maps discovered:
D:1:      lightli_arrival_chessboard, layout_loops_ring,
          shapermc_ecumenical_altar_gd
D:2:      layout_basic, serial_shops, nicolae_shop_advertising_works
          [nicolae_subvault_shop_adworks]

Skill      XL: |  1  2 |
---------------+-------+-----
Polearms       | 4 |  4.6
Fighting       | |  3.0
Dodging        | |  2.3

Action                     || total
---------------------------++-------
  Melee: Spear             ||    83
         Constrict         ||    13
         Tentacles         ||     9
         Punch             ||     1
    Use: Potion            ||     1
   Stab: Sleeping          ||     7
 Armour: Skin              ||     4
  Dodge: Dodged            ||    44

Table legend: (Time is in decaauts)
 A = Elapsed time spent in this place.
 B = Non-inter-level travel time spent in this place.
 C = Inter-level travel time spent in this place.
 D = Time resting spent in this place.
 E = Time spent auto-exploring this place.
 F = Levels seen in this place.
 G = Mean time per level.
                   A        B        C        D        E       F      G
               +--------+--------+--------+--------+--------+-----+--------+
         Total |    916 |    891 |     25 |      0 |    704 |   2 |  458.0 |
       Dungeon |    916 |    891 |     25 |      0 |    704 |   2 |  458.0 |
               +--------+--------+--------+--------+--------+-----+--------+

Top non-repeatable levels by time:
     D:1: 850 daAuts
     D:2: 65 daAuts
